 Dungeon Sprint DCSS version 0.30-a0-800-g7c544603b3 (webtiles) character file.

Game seed: 15760388304757099001

3900000 BigDaddyOpFi the Intangible (level 23, -23/201 HPs)
             Began as a Djinni Warper on Feb 22, 2023.
             Was the Champion of Makhleb.
             Annihilated by The Servant
             ... wielding a +9 glaive of flaming
              (27 damage)
             ... in the Dungeon (Sprint VIII: "Arena of Blood").
             The game lasted 00:01:09 (39 turns).

BigDaddyOpFi the Intangible (Djinni Warper)           Turns: 39, Time: 00:01:09

Health: -23/201    AC:  6    Str: 10    XL:     23   Next: 14%
Gold:   0          EV: 34    Int: 16    God:    Makhleb [******] SH:  0 Dex: 23

rFire   + + .      SeeInvis .    h - +∞ Axe of Woe
rCold   x . .      Faith    .    (shield currently unavailable)
rNeg    . . .      Spirit   .    a - +0 leather armour
rPois   ∞          Reflect  .    (no helmet)
rElec   .          Harm     .    (no cloak)
rCorr   .          Rampage  .    (no gloves)
Will    ++...      NoTele   +    (boots unavailable)
Stlth   ++++++++++               (no amulet)
HPRegen 0.53/turn                (no ring)
MPRegen 0.00/turn                (no ring)

@: flying
A: sickness immunity, fire resistance 2, cold vulnerability 1, float, innate
caster, HP casting, extra vitality 1
a: Renounce Religion, Minor Destruction, Lesser Servant of Makhleb, Major
Destruction, Greater Servant of Makhleb


You were in the Dungeon.
You worshipped Makhleb.
Makhleb was exalted by your worship.
You visited 1 branch

Inventory:

Hand Weapons
 h - the +∞ Axe of Woe (weapon)
   (You found it in the Dungeon)
Missiles
 c - 7 boomerangs of dispersal (quivered)
Armour
 a - a +0 leather armour (worn)
Scrolls
 b - 2 scrolls of blinking
Potions
 d - a potion of curing
 e - a potion of heal wounds
 f - a potion of haste
 g - a potion of berserk rage


   Skills:
 O Level 27 Fighting
 + Level 25.1 Axes
 + Level 25.0 Throwing
 O Level 27 Armour
 O Level 27 Dodging
 O Level 27 Stealth
 O Level 27 Unarmed Combat
 + Level 23.3 Spellcasting
 O Level 27 Invocations


You knew the following spells:

 Your Spells              Type           Power      Damage    Failure   Level
a - Blink                 Tloc           100%       N/A       0%          2
b - Lesser Beckoning      Tloc           100%       N/A       0%          2
c - Vhi's Electric Charg  Tloc/Air       100%       N/A       0%          3
d - Teleport Other        Tloc           75%        N/A       0%          3
e - Manifold Assault      Tloc           75%        N/A       0%          4
f - Sting                 Tmut/Pois      100%       1d8       0%          1
g - Wereblood             Tmut           75%        N/A       0%          2
h - Poisonous Vapours     Pois/Air       100%       N/A       0%          2
i - Call Canine Familiar  Summ           75%        N/A       0%          3
j - Agony                 Necr           75%        N/A       0%          5
k - Alistair's Intoxicat  Tmut/Pois      50%        N/A       0%          5
l - Simulacrum            Ice/Necr       37%        N/A       1%          6
m - Summon Hydra          Summ           37%        N/A       1%          7
n - Malign Gateway        Summ/Tloc      37%        N/A       1%          7
o - Disjunction           Tloc           37%        N/A       1%          8
p - Haunt                 Necr/Summ      37%        N/A       1%          7
Your spell library was empty.

Dungeon Overview and Level Annotations

Branches:
Dungeon (1/1)

Altars:
Makhleb

Annotations:
D The Servant


Innate Abilities, Weirdness & Mutations

You are immune to sickness and miasma.
You are immune to poison.
Your flesh is very heat resistant. (rF++)
You are vulnerable to cold. (rC-)
You float through the air rather than walking.
You learn spells naturally, not from books.
Your magical power is your life essence.
You have superior vitality. (+4 MHP)


Message History

Your Stealth skill increases to level 26!
Your Spellcasting skill increases to level 23!
You have reached level 23!
The power to cast Haunt wells up from within.
Spell assigned to 'p'.
You are engulfed in blazing flames.
You resist.
You hear a shout! x4
The Servant misses you.
A sculptor of flesh comes into view. It is wielding a +9 great sword.
You hear a shout! x6; You hear a roar!
Unknown command.
You slice the bag of meat!!
You slaughter the bag of meat joyfully.
You kill the bag of meat!
Makhleb accepts your kill.
You feel better.
You are engulfed in blazing flames.
You resist.
You hear a shout!
The Servant hits you from afar with a +9 glaive of flaming!!!!
Ouch! That really hurt!
* * * LOW HITPOINT WARNING * * *
The Servant burns you!
* * * LOW HITPOINT WARNING * * *
You hear a shout! x7
Your Axes skill increases to level 25!
Your Throwing skill increases to level 25!
You have mastered Stealth!
Unknown command.
Okay, then.
The sculptor of flesh appears out of thin air!
A sculptor of flesh comes into view. It is wielding a +9 great sword.
You hear a shout! x6
A meat berserker comes into view. It is wielding a +9 battleaxe.
You hear a shout! x7
Items here: ))) === †.
Unknown command.
Okay, then.
You hear a shout!
The meat berserker rages.
You hear a shout!
The Servant hits you from afar with a +9 glaive of flaming!!
You die...

.. ..... #. ...#
#.. ...# .
.###.. ...###..
......###....z.
......_.....
#.))).# #_)°o_#
#.@§@.#
......°...O....
.....O###.......
.###.. ...###..
#.O ...# . #.
..z# .. .....
....


You could see The Servant, a sculptor of flesh (wandering), a large bag of meat
(inner flame), a meat berserker (berserk) and a bag of meat.

Vanquished Creatures
  3 vampire knights (D)
  13 ogres (D)
  2 two-headed ogres (D)
  24 orcs (D)
  A skeletal warrior (D)
43 creatures vanquished.

Notes
Turn   | Place    | Note
-------+----------+-------------------------------------------
     0 | D        | Found the +∞ Axe of Woe
     0 | D        | BigDaddyOpFi the Djinni Warper began the quest for the Orb.
     0 | D        | BigDaddyOpFi set off with the following spells memorised:
                  | Blink, Lesser Beckoning, Vhi's Electric Charge, Teleport
                  | Other, Manifold Assault.
     0 | D        | Reached XP level 1. HP: 18/18 MP: 0/0
     2 | D        | Noticed a bag of meat
     3 | D        | Noticed a bag of meat
     4 | D        | Became a worshipper of Makhleb the Destroyer
     4 | D        | Noticed a bag of meat
     5 | D        | Noticed a bag of meat
     7 | D        | Noticed a bag of meat
     7 | D        | Noticed a bag of meat
     7 | D        | Noticed a meat berserker
     7 | D        | Noticed a bag of meat
     9 | D        | Noticed a bag of meat
     9 | D        | Killed a bag of meat
     9 | D        | Noticed a bag of meat
    10 | D        | Reached skill level 10 in Dodging
    10 | D        | Reached XP level 2. HP: 34/34 MP: 0/0
    10 | D        | Reached XP level 3. HP: 39/39 MP: 0/0
    10 | D        | Learned a level 1 spell: Sting
    10 | D        | Reached XP level 4. HP: 45/45 MP: 0/0
    10 | D        | Reached XP level 5. HP: 50/50 MP: 0/0
    10 | D        | Learned a level 2 spell: Wereblood
    10 | D        | Reached XP level 6. HP: 56/56 MP: 0/0
    10 | D        | Reached XP level 7. HP: 61/61 MP: 0/0
    10 | D        | Learned a level 2 spell: Poisonous Vapours
    10 | D        | Reached XP level 8. HP: 67/67 MP: 0/0
    10 | D        | Reached XP level 9. HP: 72/72 MP: 0/0
    10 | D        | Learned a level 3 spell: Call Canine Familiar
    10 | D        | Reached XP level 10. HP: 78/78 MP: 0/0
    10 | D        | Reached XP level 11. HP: 84/84 MP: 0/0
    10 | D        | Learned a level 5 spell: Agony
    10 | D        | Noticed a meat berserker
    10 | D        | Killed a bag of meat
    10 | D        | Reached * piety under Makhleb
    10 | D        | Killed a meat berserker
    10 | D        | Killed a bag of meat
    11 | D        | Reached skill level 10 in Axes
    11 | D        | Reached skill level 10 in Throwing
    11 | D        | Reached skill level 10 in Spellcasting
    11 | D        | Reached XP level 12. HP: 96/96 MP: 0/0
    11 | D        | Reached XP level 13. HP: 102/102 MP: 0/0
    11 | D        | Learned a level 5 spell: Alistair's Intoxication
    11 | D        | Reached XP level 14. HP: 108/108 MP: 0/0
    11 | D        | Noticed a bag of meat
    11 | D        | Killed a meat berserker
    11 | D        | Reached ** piety under Makhleb
    11 | D        | Killed a bag of meat
    11 | D        | Noticed a bag of meat
    12 | D        | Reached skill level 15 in Dodging
    12 | D        | Reached XP level 15. HP: 117/117 MP: 0/0
    12 | D        | Learned a level 6 spell: Simulacrum
    12 | D        | Reached *** piety under Makhleb
    13 | D        | Reached skill level 15 in Fighting
    13 | D        | Reached skill level 15 in Armour
    13 | D        | Reached skill level 15 in Unarmed Combat
    13 | D        | Reached skill level 15 in Invocations
    13 | D        | Reached **** piety under Makhleb
    14 | D        | Reached XP level 16. HP: 128/128 MP: 0/0
    14 | D        | Noticed a meat berserker
    14 | D        | Noticed a meat berserker
    16 | D        | Noticed a meat berserker
    16 | D        | Killed a meat berserker
    17 | D        | Reached skill level 15 in Stealth
    17 | D        | Noticed a meat berserker
    17 | D        | Noticed a large bag of meat
    18 | D        | Reached XP level 17. HP: 137/137 MP: 0/0
    18 | D        | Learned a level 7 spell: Summon Hydra
    18 | D        | Noticed a destroyer
    18 | D        | Noticed a large bag of meat
    18 | D        | Noticed a meat berserker
    18 | D        | Noticed a meat berserker
    19 | D        | Killed a large bag of meat
    19 | D        | Reached ***** piety under Makhleb
    20 | D        | Reached skill level 15 in Axes
    20 | D        | Reached skill level 15 in Throwing
    20 | D        | Killed a meat berserker
    21 | D        | Reached skill level 15 in Spellcasting
    21 | D        | Reached XP level 18. HP: 90/148 MP: 0/0
    21 | D        | Killed a meat berserker
    21 | D        | Killed a meat berserker
    21 | D        | Noticed a meat berserker
    21 | D        | Noticed a meat berserker
    22 | D        | Killed a meat berserker
    23 | D        | Reached XP level 19. HP: 150/157 MP: 0/0
    23 | D        | Learned a level 7 spell: Malign Gateway
    23 | D        | Killed a meat berserker
    24 | D        | Killed a destroyer
    24 | D        | Reached ****** piety under Makhleb
    24 | D        | Killed a large bag of meat
    24 | D        | Killed a meat berserker
    24 | D        | Noticed a meat berserker
    24 | D        | Noticed a meat berserker
    25 | D        | Reached XP level 20. HP: 153/171 MP: 0/0
    25 | D        | Noticed a destroyer
    26 | D        | Noticed a destroyer
    27 | D        | Killed a meat berserker
    27 | D        | Killed a meat berserker
    28 | D        | Reached XP level 21. HP: 175/180 MP: 0/0
    28 | D        | Learned a level 8 spell: Disjunction
    28 | D        | Noticed a meat berserker
    29 | D        | Killed a meat berserker
    29 | D        | Noticed The Servant
    30 | D        | Reached skill level 27 in Dodging
    30 | D        | Killed a destroyer
    31 | D        | Reached XP level 22. HP: 183/191 MP: 0/0
    31 | D        | Killed a destroyer
    33 | D        | Reached skill level 27 in Unarmed Combat
    34 | D        | Reached skill level 27 in Fighting
    34 | D        | Reached skill level 27 in Armour
    34 | D        | Reached skill level 27 in Invocations
    34 | D        | Noticed a large bag of meat
    35 | D        | Killed a meat berserker
    36 | D        | Reached XP level 23. HP: 99/201 MP: 0/0
    36 | D        | Learned a level 7 spell: Haunt
    37 | D        | HP: 2/201 [The Servant/+9 glaive of flaming (14)]
    38 | D        | Reached skill level 27 in Stealth
    39 | D        | Annihilated by The Servant

Illustrated notes

Levels and vault maps discovered:
D:        meatsprint

Skill      XL: |  1  2  3  4  5  6  7  8  9 10 11 12 13 14 15 16 17 18 19 20 21 22 23 |
---------------+----------------------------------------------------------------------+-----
Fighting       | 9 12 14 16 17 19 20 23 24 26 27 | 27.0
Axes           | 7 10 12 13 14 16 17 19 21 22 24 25 | 25.1
Throwing       | 7 10 12 13 14 16 17 19 21 22 24 25 | 25.0
Armour         | 8 12 14 16 17 19 20 23 24 25 27 | 27.0
Dodging        | 10 13 15 17 19 20 22 25 26 27 | 27.0
Stealth        | 8 11 13 14 16 17 19 21 22 24 26 27 | 27.0
Unarmed Combat | 9 12 14 16 17 19 20 23 24 26 27 | 27.0
Spellcasting   | 7 10 11 12 14 15 16 18 19 20 23 | 23.3
Invocations    | 8 12 14 16 17 19 20 23 24 26 27 | 27.0

Action                     |  1- 3 |  4- 6 |  7- 9 | 10-12 | 13-15 | 16-18 | 19-21 | 22-24 || total
---------------------------+-------+-------+-------+-------+-------+-------+-------+-------++-------
  Melee: Executioner's axe |     1 |       |       |     1 |     3 |     6 |     7 |     6 ||    24
   Cast: Alistair's Intoxi |       |       |       |       |       |     2 |       |       ||     2
  Dodge: Dodged            |       |       |       |       |     1 |       |       |     1 ||     2

Table legend: (Time is in decaauts)
 A = Elapsed time spent in this place.
 B = Non-inter-level travel time spent in this place.
 C = Inter-level travel time spent in this place.
 D = Time resting spent in this place.
 E = Time spent auto-exploring this place.
 F = Levels seen in this place.
 G = Mean time per level.
                   A        B        C        D        E       F      G
               +--------+--------+--------+--------+--------+-----+--------+
         Total |     38 |     38 |      0 |      0 |      0 |   1 |   38.0 |
       Dungeon |     38 |     38 |      0 |      0 |      0 |   1 |   38.0 |
               +--------+--------+--------+--------+--------+-----+--------+

Top non-repeatable levels by time:
       D: 38 daAuts
